[ AOE2 MATCH · #478408494 ]
UnrankedByzantines vs Jurchens
[ REPLAY ANALYSIS · EXTRACTED FROM THE RECORDED GAME ]
Feudal
11:20
Castle
14:51
Imperial
28:33
| APM avg | 77.3 |
| APM peak | 126 |
| eAPM avg | 55.2 |
| Villagers / military | 150 / 325 |
Focus
⚔️ 67.6% · 🌾 32.4%
Cataphract ×215 · Spearman ×75 · Skirmisher ×12 · Bombard Cannon ×12 · Monk ×9 · Trebuchet (Packed) ×2
Feudal
9:41
Castle
15:24
Imperial
38:20
| APM avg | 49.2 |
| APM peak | 106 |
| eAPM avg | 27.8 |
| Villagers / military | 146 / 164 |
Focus
⚔️ 37.3% · 🌾 62.7%
Scout Cavalry ×148 · Unknown (1911) ×51 · Bombard Cannon ×7 · Iron Pagoda ×4 · Trebuchet (Packed) ×4 · Battering Ram ×1
Feudal
11:05
Castle
14:43
Imperial
30:40
| APM avg | 22.6 |
| APM peak | 41 |
| eAPM avg | 17.8 |
| Villagers / military | 181 / 1244 |
Focus
⚔️ 44.9% · 🌾 55.1%
Spearman ×1160 · Huskarl ×77 · Bombard Cannon ×3 · Monk ×2 · Scout Cavalry ×2
Feudal
8:26
Castle
21:42
Imperial
37:10
| APM avg | 47.2 |
| APM peak | 89 |
| eAPM avg | 25.8 |
| Villagers / military | 140 / 389 |
Focus
⚔️ 49.0% · 🌾 51.0%
Scout Cavalry ×372 · Battering Ram ×7 · Mangonel ×6 · Trebuchet (Packed) ×4
Feudal
11:21
Castle
16:21
Imperial
32:29
| APM avg | 44.1 |
| APM peak | 105 |
| eAPM avg | 24.7 |
| Villagers / military | 233 / 145 |
Focus
⚔️ 35.5% · 🌾 64.5%
Cavalry Archer ×113 · Scout Cavalry ×22 · Mangonel ×5 · Janissary ×2 · Camel Scout ×1 · Bombard Cannon ×1
Feudal
8:34
Castle
23:59
Imperial
38:31
| APM avg | 38.1 |
| APM peak | 75 |
| eAPM avg | 21.7 |
| Villagers / military | 180 / 101 |
Focus
⚔️ 26.1% · 🌾 73.9%
Hand Cannoneer ×38 · Mangonel ×25 · Knight ×19 · Battering Ram ×10 · Bombard Cannon ×5 · Archer ×3
Match map
Initial resources + every placement click. Lines = walls · curves = elevation contours. ◆ gold · ⬟ stone · ● berries · ✦ relic · ◌ wall gap
Your base· ✓ Closed at 14:51 · 0t walls · 3 gate(s)
QNA | Apachai Hopachai's base· ✓ Closed at 15:24 · 38t walls · 4 gate(s)
bdstanley32's base· ✓ Closed at 14:43 · 0t walls · 3 gate(s)
RománMás3's base· ✓ Closed at 21:42 · 1t walls · 2 gate(s)
TocToc.Lianki's base· ✓ Closed at 16:21 · 56t walls · 3 gate(s)
MUERE CACA's base· ✓ Closed at 23:59 · 2t walls · 2 gate(s)
Smoothed initial terrain · ◌ = detected wall gap · hover for details
Inputs per minute
— Timurid Siegecraft - - QNA | Apachai Hopachai
Build order — Timurid Siegecraft
First 150 of 828 actions detected
| 0:00 | Create | Villager (Male) |
| 0:00 | Create | Villager (Male) |
| 0:00 | Create | Villager (Male) |
| 0:01 | Build | House |
| 0:02 | Build | House |
| 0:25 | Create | Villager (Male) |
| 0:25 | Create | Villager (Male) |
| 1:36 | Create | Villager (Male) |
| 1:37 | Create | Villager (Male) |
| 1:38 | Create | Villager (Male) |
| 1:59 | Create | Villager (Male) |
| 2:10 | Build | Lumber Camp |
| 2:18 | Create | Villager (Male) |
| 3:04 | Create | Villager (Male) |
| 3:45 | Create | Villager (Male) |
| 3:50 | Build | House |
| 4:04 | Create | Villager (Male) |
| 4:30 | Create | Villager (Male) |
| 4:39 | Build | Mill |
| 4:46 | Create | Villager (Male) |
| 5:15 | Create | Villager (Male) |
| 5:43 | Create | Villager (Male) |
| 5:51 | Build | House |
| 6:05 | Build | Farm |
| 6:08 | Create | Villager (Male) |
| 6:33 | Build | Farm |
| 6:36 | Create | Villager (Male) |
| 6:57 | Create | Villager (Male) |
| 7:00 | Build | Farm |
| 7:24 | Create | Villager (Male) |
| 7:49 | Create | Villager (Male) |
| 8:09 | Build | House |
| 8:19 | Create | Villager (Male) |
| 8:43 | Create | Villager (Male) |
| 8:43 | Research | Feudal Age |
| 10:36 | Build | House |
| 10:40 | Build | House |
| 10:40 | Build | House |
| 10:43 | Create | Villager (Male) |
| 11:20 | Age | Feudal Age |
| 11:22 | Build | Blacksmith |
| 11:24 | Build | Market |
| 11:43 | Create | Villager (Male) |
| 12:00 | Create | Villager (Male) |
| 12:08 | Build | House |
| 12:11 | Research | Castle Age |
| 12:11 | Research | Castle Age |
| 12:34 | Research | Double-Bit Axe |
| 12:35 | Research | Horse Collar |
| 12:40 | Build | House |
| 12:59 | Research | Horse Collar |
| 12:59 | Research | Horse Collar |
| 13:00 | Build | Farm |
| 13:01 | Build | Farm |
| 13:05 | Build | Farm |
| 13:08 | Build | Farm |
| 13:10 | Build | House |
| 13:27 | Build | Farm |
| 13:32 | Build | Farm |
| 13:43 | Build | House |
| 13:46 | Create | Villager (Male) |
| 14:51 | Age | Castle Age |
| 14:54 | Build | Town Center |
| 14:58 | Build | Town Center |
| 15:00 | Research | Bow Saw |
| 15:02 | Create | Villager (Male) |
| 15:05 | Build | Farm |
| 15:09 | Build | Farm |
| 15:11 | Build | Farm |
| 15:13 | Create | Villager (Male) |
| 15:14 | Build | Farm |
| 15:40 | Create | Villager (Male) |
| 15:42 | Build | Farm |
| 15:59 | Build | Farm |
| 15:59 | Build | Farm |
| 16:01 | Create | Villager (Male) |
| 16:18 | Build | Farm |
| 16:18 | Build | Farm |
| 16:19 | Build | Farm |
| 16:20 | Create | Villager (Male) |
| 16:32 | Create | Villager (Male) |
| 16:34 | Build | Farm |
| 16:38 | Create | Villager (Male) |
| 16:38 | Create | Villager (Male) |
| 16:45 | Create | Villager (Male) |
| 16:53 | Create | Villager (Male) |
| 16:55 | Build | Farm |
| 17:01 | Build | Farm |
| 17:05 | Create | Villager (Male) |
| 17:07 | Create | Villager (Male) |
| 17:07 | Create | Villager (Male) |
| 17:15 | Build | Farm |
| 17:20 | Build | Farm |
| 17:22 | Create | Villager (Male) |
| 17:30 | Build | Farm |
| 17:31 | Create | Villager (Male) |
| 17:32 | Create | Villager (Male) |
| 17:43 | Build | Farm |
| 17:46 | Build | Farm |
| 17:49 | Create | Villager (Male) |
| 17:51 | Create | Villager (Male) |
| 17:53 | Build | Farm |
| 17:56 | Create | Villager (Male) |
| 18:04 | Research | Wheelbarrow |
| 18:05 | Research | Wheelbarrow |
| 18:05 | Create | Villager (Male) |
| 18:11 | Create | Villager (Male) |
| 18:30 | Create | Villager (Male) |
| 18:56 | Create | Villager (Male) |
| 18:57 | Create | Villager (Male) |
| 19:05 | Build | Town Center |
| 19:08 | Build | Farm |
| 19:08 | Build | Farm |
| 19:10 | Build | Farm |
| 19:11 | Build | Farm |
| 19:13 | Build | Farm |
| 19:17 | Create | Villager (Male) |
| 19:18 | Create | Villager (Male) |
| 19:25 | Build | Farm |
| 19:27 | Create | Villager (Male) |
| 19:28 | Create | Villager (Male) |
| 19:32 | Build | Farm |
| 19:34 | Create | Villager (Male) |
| 19:48 | Build | Farm |
| 19:51 | Create | Villager (Male) |
| 19:52 | Create | Villager (Male) |
| 19:54 | Create | Villager (Male) |
| 20:01 | Create | Villager (Male) |
| 20:01 | Create | Villager (Male) |
| 20:02 | Build | Farm |
| 20:08 | Create | Villager (Male) |
| 20:14 | Build | Farm |
| 20:16 | Create | Villager (Male) |
| 20:26 | Create | Villager (Male) |
| 20:28 | Build | House |
| 20:29 | Build | House |
| 20:33 | Build | Lumber Camp |
| 20:36 | Create | Villager (Male) |
| 20:44 | Create | Villager (Male) |
| 20:45 | Create | Villager (Male) |
| 20:46 | Create | Villager (Male) |
| 20:49 | Build | Farm |
| 20:51 | Create | Villager (Male) |
| 20:58 | Create | Villager (Male) |
| 21:04 | Build | House |
| 21:05 | Create | Villager (Male) |
| 21:12 | Research | Heavy Plow |
| 21:12 | Create | Villager (Male) |
| 21:12 | Create | Villager (Male) |
| 21:12 | Create | Villager (Male) |
Build order — QNA | Apachai Hopachai
First 150 of 595 actions detected
| 0:01 | Create | Villager (Male) |
| 0:01 | Create | Villager (Male) |
| 0:02 | Create | Villager (Male) |
| 0:04 | Build | House |
| 0:05 | Build | House |
| 0:06 | Create | Villager (Male) |
| 0:06 | Create | Villager (Male) |
| 1:26 | Create | Villager (Male) |
| 1:27 | Create | Villager (Male) |
| 1:46 | Create | Villager (Male) |
| 1:47 | Create | Villager (Male) |
| 1:52 | Build | Lumber Camp |
| 1:58 | Create | Villager (Male) |
| 2:49 | Create | Villager (Male) |
| 2:49 | Create | Villager (Male) |
| 3:33 | Build | House |
| 3:35 | Build | House |
| 3:41 | Create | Villager (Male) |
| 3:41 | Create | Villager (Male) |
| 3:42 | Create | Villager (Male) |
| 3:42 | Create | Villager (Male) |
| 3:56 | Create | Villager (Male) |
| 4:36 | Build | Mill |
| 4:45 | Create | Villager (Male) |
| 4:47 | Create | Villager (Male) |
| 4:47 | Create | Villager (Male) |
| 5:09 | Create | Villager (Male) |
| 5:10 | Create | Villager (Male) |
| 5:11 | Create | Villager (Male) |
| 6:00 | Create | Villager (Male) |
| 6:31 | Create | Villager (Male) |
| 6:49 | Build | Mining Camp |
| 6:55 | Research | Loom |
| 7:31 | Research | Feudal Age |
| 8:49 | Build | Palisade Wall |
| 8:57 | Build | Palisade Wall |
| 9:12 | Build | Palisade Wall |
| 9:31 | Build | Palisade Wall |
| 9:41 | Age | Feudal Age |
| 9:44 | Create | Villager (Male) |
| 9:58 | Create | Villager (Male) |
| 10:10 | Build | Market |
| 10:11 | Create | Villager (Male) |
| 10:23 | Build | Blacksmith |
| 11:07 | Build | Palisade Wall |
| 11:13 | Build | Palisade Wall |
| 11:15 | Build | Palisade Wall |
| 11:26 | Build | Palisade Wall |
| 11:33 | Build | Palisade Wall |
| 11:47 | Build | Palisade Gate |
| 12:07 | Research | Loom |
| 12:12 | Build | Palisade Gate |
| 12:28 | Create | Villager (Male) |
| 12:44 | Research | Castle Age |
| 12:56 | Build | House |
| 13:20 | Build | Farm |
| 13:45 | Build | Stone Wall |
| 13:57 | Build | House |
| 14:17 | Build | House |
| 14:36 | Build | Stone Wall |
| 15:24 | Age | Castle Age |
| 15:30 | Build | Siege Workshop |
| 15:35 | Create | Villager (Male) |
| 15:48 | Create | Villager (Male) |
| 15:50 | Build | Mining Camp |
| 16:08 | Create | Iron Pagoda |
| 16:10 | Create | Iron Pagoda |
| 16:16 | Build | Gate |
| 16:23 | Build | Stone Wall |
| 16:25 | Build | Stone Wall |
| 17:06 | Build | Farm |
| 18:17 | Build | Farm |
| 18:25 | Create | Iron Pagoda |
| 18:25 | Create | Villager (Male) |
| 18:35 | Build | Farm |
| 18:40 | Create | Battering Ram |
| 19:36 | Create | Villager (Male) |
| 19:42 | Create | Iron Pagoda |
| 19:51 | Build | Farm |
| 20:48 | Create | Villager (Male) |
| 20:51 | Build | Farm |
| 21:11 | Build | Farm |
| 21:12 | Create | Villager (Male) |
| 21:17 | Build | Town Center |
| 21:38 | Create | Villager (Male) |
| 21:50 | Research | Double-Bit Axe |
| 22:04 | Build | Farm |
| 22:07 | Create | Villager (Male) |
| 22:11 | Build | House |
| 22:38 | Create | Villager (Male) |
| 22:38 | Create | Villager (Male) |
| 22:47 | Build | Town Center |
| 23:00 | Create | Villager (Male) |
| 23:00 | Create | Villager (Male) |
| 23:06 | Research | Horse Collar |
| 23:08 | Create | Villager (Male) |
| 23:44 | Create | Villager (Male) |
| 23:45 | Create | Villager (Male) |
| 23:57 | Create | Villager (Male) |
| 23:57 | Create | Villager (Male) |
| 24:12 | Create | Villager (Male) |
| 24:12 | Create | Villager (Male) |
| 24:17 | Build | Outpost |
| 24:23 | Create | Villager (Male) |
| 24:31 | Build | Farm |
| 24:33 | Build | Farm |
| 24:35 | Create | Villager (Male) |
| 24:35 | Create | Villager (Male) |
| 24:49 | Build | Outpost |
| 24:55 | Create | Villager (Male) |
| 24:55 | Create | Villager (Male) |
| 25:01 | Build | House |
| 25:02 | Build | House |
| 25:05 | Create | Villager (Male) |
| 25:06 | Create | Villager (Male) |
| 25:12 | Create | Villager (Male) |
| 25:21 | Create | Villager (Male) |
| 25:21 | Create | Villager (Male) |
| 25:24 | Build | Outpost |
| 25:43 | Create | Villager (Male) |
| 25:47 | Create | Villager (Male) |
| 25:47 | Create | Villager (Male) |
| 25:49 | Create | Villager (Male) |
| 25:50 | Create | Villager (Male) |
| 26:02 | Build | Outpost |
| 26:06 | Create | Villager (Male) |
| 26:06 | Create | Villager (Male) |
| 26:10 | Build | Farm |
| 26:11 | Build | Farm |
| 26:13 | Create | Villager (Male) |
| 26:13 | Create | Villager (Male) |
| 26:18 | Build | House |
| 26:19 | Build | House |
| 26:23 | Build | House |
| 26:33 | Build | Outpost |
| 26:36 | Create | Villager (Male) |
| 26:37 | Create | Villager (Male) |
| 26:37 | Create | Villager (Male) |
| 26:42 | Create | Villager (Male) |
| 26:43 | Create | Villager (Male) |
| 26:48 | Research | Bow Saw |
| 26:53 | Build | Outpost |
| 27:00 | Build | Lumber Camp |
| 27:01 | Create | Villager (Male) |
| 27:01 | Create | Villager (Male) |
| 27:19 | Create | Villager (Male) |
| 27:19 | Create | Villager (Male) |
| 27:29 | Build | House |
| 27:34 | Build | Palisade Wall |
| 27:43 | Create | Villager (Male) |
Build order — bdstanley32
First 150 of 715 actions detected
| 0:01 | Create | Villager (Male) |
| 0:02 | Create | Villager (Male) |
| 0:02 | Create | Villager (Male) |
| 0:02 | Create | Villager (Male) |
| 0:03 | Build | House |
| 0:05 | Build | House |
| 1:34 | Create | Villager (Male) |
| 2:03 | Build | Lumber Camp |
| 2:13 | Create | Villager (Male) |
| 2:13 | Create | Villager (Male) |
| 2:36 | Create | Villager (Male) |
| 2:57 | Create | Villager (Male) |
| 3:30 | Create | Villager (Male) |
| 3:30 | Create | Villager (Male) |
| 3:30 | Create | Villager (Male) |
| 3:34 | Build | House |
| 3:35 | Build | House |
| 4:06 | Create | Villager (Male) |
| 4:06 | Create | Villager (Male) |
| 4:06 | Create | Villager (Male) |
| 4:41 | Build | Mill |
| 4:58 | Create | Villager (Male) |
| 5:20 | Create | Villager (Male) |
| 5:43 | Create | Villager (Male) |
| 5:56 | Build | Farm |
| 5:58 | Build | Farm |
| 6:11 | Create | Villager (Male) |
| 6:30 | Create | Villager (Male) |
| 6:56 | Create | Villager (Male) |
| 7:19 | Build | Mining Camp |
| 7:27 | Create | Villager (Male) |
| 8:04 | Create | Villager (Male) |
| 8:30 | Create | Villager (Male) |
| 8:37 | Research | Feudal Age |
| 9:30 | Create | Villager (Male) |
| 9:31 | Create | Villager (Male) |
| 9:42 | Build | House |
| 11:05 | Age | Feudal Age |
| 11:07 | Build | House |
| 11:14 | Build | Market |
| 11:18 | Build | Blacksmith |
| 12:03 | Research | Castle Age |
| 12:03 | Research | Castle Age |
| 12:03 | Research | Castle Age |
| 12:25 | Build | House |
| 13:25 | Research | Double-Bit Axe |
| 13:28 | Research | Horse Collar |
| 14:17 | Build | Farm |
| 14:21 | Create | Villager (Male) |
| 14:43 | Age | Castle Age |
| 14:45 | Build | Town Center |
| 14:51 | Research | Bow Saw |
| 14:53 | Create | Villager (Male) |
| 15:03 | Build | Town Center |
| 15:09 | Create | Villager (Male) |
| 15:12 | Research | Loom |
| 15:38 | Build | Farm |
| 15:44 | Create | Villager (Male) |
| 15:53 | Create | Villager (Male) |
| 15:56 | Build | Farm |
| 15:59 | Build | Farm |
| 16:00 | Build | Farm |
| 16:03 | Build | Farm |
| 16:08 | Build | Farm |
| 16:10 | Create | Villager (Male) |
| 16:10 | Create | Villager (Male) |
| 16:25 | Create | Villager (Male) |
| 16:25 | Create | Villager (Male) |
| 16:28 | Build | Farm |
| 16:36 | Create | Villager (Male) |
| 16:37 | Create | Villager (Male) |
| 16:49 | Build | Farm |
| 16:56 | Build | Farm |
| 16:58 | Build | Farm |
| 17:00 | Build | Farm |
| 17:04 | Build | Farm |
| 17:06 | Build | Farm |
| 17:09 | Create | Villager (Male) |
| 17:09 | Create | Villager (Male) |
| 17:16 | Build | Farm |
| 17:20 | Create | Villager (Male) |
| 17:21 | Create | Villager (Male) |
| 17:25 | Build | House |
| 17:26 | Build | House |
| 17:30 | Create | Villager (Male) |
| 17:30 | Create | Villager (Male) |
| 17:36 | Build | Farm |
| 17:41 | Build | Farm |
| 17:44 | Create | Villager (Male) |
| 17:44 | Create | Villager (Male) |
| 17:50 | Build | Farm |
| 18:06 | Create | Villager (Male) |
| 18:07 | Create | Villager (Male) |
| 18:07 | Create | Villager (Male) |
| 18:07 | Create | Villager (Male) |
| 18:14 | Build | Farm |
| 18:21 | Build | Monastery |
| 18:24 | Create | Villager (Male) |
| 18:24 | Create | Villager (Male) |
| 18:24 | Create | Villager (Male) |
| 18:24 | Create | Villager (Male) |
| 18:34 | Create | Villager (Male) |
| 18:34 | Create | Villager (Male) |
| 18:38 | Build | House |
| 18:41 | Build | House |
| 18:46 | Build | Farm |
| 18:48 | Create | Villager (Male) |
| 18:49 | Create | Villager (Male) |
| 18:49 | Create | Villager (Male) |
| 18:52 | Build | Farm |
| 18:56 | Create | Villager (Male) |
| 18:56 | Create | Villager (Male) |
| 19:01 | Build | Farm |
| 19:05 | Create | Villager (Male) |
| 19:06 | Create | Villager (Male) |
| 19:14 | Build | Farm |
| 19:18 | Create | Monk |
| 19:35 | Create | Villager (Male) |
| 19:35 | Create | Villager (Male) |
| 19:36 | Create | Villager (Male) |
| 19:36 | Create | Villager (Male) |
| 19:36 | Create | Villager (Male) |
| 19:36 | Create | Villager (Male) |
| 19:37 | Create | Villager (Male) |
| 19:37 | Create | Villager (Male) |
| 19:40 | Build | House |
| 19:53 | Create | Villager (Male) |
| 19:53 | Create | Villager (Male) |
| 20:06 | Build | Mining Camp |
| 20:24 | Create | Villager (Male) |
| 20:25 | Create | Villager (Male) |
| 20:31 | Build | Town Center |
| 20:36 | Research | Wheelbarrow |
| 20:38 | Create | Villager (Male) |
| 20:38 | Create | Villager (Male) |
| 20:43 | Build | Farm |
| 20:47 | Build | Farm |
| 20:59 | Create | Villager (Male) |
| 20:59 | Create | Villager (Male) |
| 21:05 | Build | House |
| 21:06 | Build | House |
| 21:10 | Create | Villager (Male) |
| 21:10 | Create | Villager (Male) |
| 21:13 | Build | Barracks |
| 21:19 | Research | Gold Mining |
| 21:30 | Build | Lumber Camp |
| 21:36 | Create | Villager (Male) |
| 21:36 | Create | Villager (Male) |
| 21:36 | Create | Villager (Male) |
| 22:06 | Build | House |
Build order — RománMás3
First 150 of 660 actions detected
| 0:01 | Create | Villager (Male) ×4 |
| 0:02 | Build | House |
| 0:03 | Build | House |
| 1:28 | Create | Villager (Male) |
| 1:29 | Create | Villager (Male) |
| 1:44 | Build | Lumber Camp |
| 2:01 | Create | Villager (Male) |
| 2:01 | Create | Villager (Male) |
| 2:10 | Create | Villager (Male) |
| 2:52 | Create | Villager (Male) |
| 2:52 | Create | Villager (Male) |
| 3:14 | Build | House |
| 3:18 | Create | Villager (Male) |
| 3:19 | Create | Villager (Male) |
| 3:59 | Create | Villager (Male) |
| 4:00 | Create | Villager (Male) |
| 4:07 | Create | Villager (Male) |
| 4:08 | Create | Villager (Male) |
| 4:33 | Create | Villager (Male) |
| 4:33 | Create | Villager (Male) |
| 4:41 | Create | Villager (Male) |
| 5:01 | Create | Villager (Male) |
| 5:12 | Build | Mining Camp |
| 5:24 | Create | Villager (Male) |
| 5:30 | Research | Loom |
| 6:15 | Research | Feudal Age |
| 6:16 | Research | Feudal Age |
| 6:47 | Build | House |
| 7:32 | Create | Villager (Male) |
| 8:01 | Create | Villager (Male) |
| 8:26 | Age | Feudal Age |
| 8:29 | Build | Watch Tower |
| 8:43 | Create | Villager (Male) |
| 8:48 | Build | House |
| 9:16 | Create | Villager (Male) |
| 9:17 | Research | Double-Bit Axe |
| 9:18 | Research | Double-Bit Axe |
| 9:27 | Create | Villager (Male) |
| 9:35 | Build | House |
| 9:50 | Build | Blacksmith |
| 10:10 | Build | Watch Tower |
| 10:20 | Create | Villager (Male) |
| 10:54 | Create | Villager (Male) |
| 11:11 | Create | Villager (Male) |
| 11:38 | Build | Watch Tower |
| 11:54 | Create | Villager (Male) |
| 11:59 | Build | Mill |
| 12:04 | Build | Mill |
| 12:23 | Create | Villager (Male) |
| 12:26 | Build | Farm |
| 12:28 | Build | Farm |
| 12:32 | Build | Farm |
| 12:56 | Create | Villager (Male) |
| 13:00 | Build | Farm |
| 13:11 | Build | Watch Tower |
| 13:22 | Create | Villager (Male) |
| 13:26 | Build | Farm |
| 13:32 | Build | House |
| 13:34 | Build | Palisade Wall |
| 13:41 | Create | Villager (Male) |
| 14:11 | Create | Villager (Male) |
| 14:16 | Research | Fletching |
| 14:34 | Create | Villager (Male) |
| 14:45 | Research | Horse Collar |
| 15:04 | Create | Villager (Male) |
| 15:09 | Build | Farm |
| 15:16 | Build | Mill |
| 15:18 | Create | Villager (Male) |
| 15:43 | Build | Watch Tower |
| 15:55 | Create | Villager (Male) |
| 16:15 | Create | Villager (Male) |
| 16:18 | Build | Farm |
| 16:18 | Build | Farm |
| 16:18 | Build | Farm |
| 16:18 | Build | Farm |
| 16:43 | Create | Villager (Male) |
| 17:02 | Create | Villager (Male) |
| 17:20 | Build | Market |
| 17:37 | Build | Watch Tower |
| 17:42 | Create | Villager (Male) |
| 18:12 | Create | Villager (Male) |
| 18:32 | Create | Villager (Male) |
| 18:48 | Research | Castle Age |
| 19:11 | Create | Villager (Male) |
| 19:15 | Build | Mining Camp |
| 19:36 | Research | Stone Mining |
| 19:37 | Create | Villager (Male) |
| 19:55 | Create | Villager (Male) |
| 20:07 | Create | Villager (Male) |
| 20:26 | Create | Villager (Male) |
| 20:39 | Create | Villager (Male) |
| 21:15 | Build | Watch Tower |
| 21:42 | Age | Castle Age |
| 21:43 | Build | University |
| 21:45 | Research | Bodkin Arrow |
| 21:52 | Create | Villager (Male) |
| 22:00 | Research | Bow Saw |
| 22:00 | Research | Heavy Plow |
| 22:02 | Create | Villager (Male) |
| 22:38 | Research | Guard Tower (upgrade) |
| 22:38 | Research | Guard Tower (upgrade) |
| 22:56 | Create | Villager (Male) |
| 23:09 | Create | Villager (Male) |
| 23:25 | Create | Villager (Male) |
| 23:27 | Build | Farm |
| 23:28 | Build | Farm |
| 23:38 | Build | Town Center |
| 23:48 | Build | Watch Tower |
| 24:22 | Create | Villager (Male) |
| 24:30 | Build | Siege Workshop |
| 24:34 | Create | Villager (Male) |
| 24:36 | Create | Villager (Male) |
| 24:39 | Create | Villager (Male) |
| 24:45 | Build | Lumber Camp |
| 24:54 | Build | Lumber Camp |
| 24:56 | Create | Villager (Male) |
| 25:03 | Research | Town Watch |
| 25:04 | Research | Town Watch |
| 25:06 | Build | Outpost |
| 25:31 | Build | Watch Tower |
| 25:35 | Create | Mangonel |
| 25:46 | Build | Watch Tower |
| 25:49 | Create | Villager (Male) |
| 25:58 | Create | Villager (Male) |
| 25:58 | Create | Villager (Male) |
| 26:07 | Create | Villager (Male) |
| 26:09 | Build | House |
| 26:11 | Build | House |
| 26:16 | Create | Mangonel |
| 26:17 | Create | Villager (Male) |
| 26:22 | Build | Farm |
| 26:22 | Build | Farm |
| 26:23 | Build | Farm |
| 26:23 | Build | Farm |
| 26:32 | Build | Watch Tower |
| 26:43 | Create | Villager (Male) |
| 26:55 | Create | Mangonel |
| 26:55 | Create | Villager (Male) |
| 26:56 | Create | Villager (Male) |
| 26:58 | Build | Farm |
| 27:03 | Create | Villager (Male) |
| 27:19 | Research | Treadmill Crane |
| 27:20 | Research | Masonry |
| 27:20 | Create | Villager (Male) |
| 27:44 | Create | Villager (Male) |
| 27:52 | Create | Villager (Male) |
| 27:54 | Create | Villager (Male) |
| 27:54 | Create | Villager (Male) |
| 27:55 | Build | Farm |
| 27:59 | Create | Mangonel |
Build order — TocToc.Lianki
First 150 of 622 actions detected
| 0:00 | Create | Villager (Male) |
| 0:01 | Create | Villager (Male) |
| 0:01 | Create | Villager (Male) |
| 0:03 | Build | House |
| 0:04 | Build | House |
| 0:05 | Create | Villager (Male) |
| 1:25 | Create | Villager (Male) |
| 1:26 | Create | Villager (Male) |
| 2:02 | Build | Lumber Camp |
| 2:06 | Create | Villager (Male) |
| 2:06 | Create | Villager (Male) |
| 2:24 | Create | Villager (Male) |
| 3:13 | Create | Villager (Male) |
| 3:14 | Create | Villager (Male) |
| 3:35 | Build | House |
| 3:36 | Build | House |
| 3:38 | Build | House |
| 3:55 | Create | Villager (Male) |
| 3:55 | Create | Villager (Male) |
| 3:56 | Create | Villager (Male) |
| 4:35 | Create | Villager (Male) |
| 4:43 | Build | Mill |
| 4:58 | Build | Mill |
| 5:17 | Create | Villager (Male) |
| 5:17 | Create | Villager (Male) |
| 5:31 | Create | Villager (Male) |
| 6:23 | Create | Villager (Male) |
| 6:26 | Create | Villager (Male) |
| 6:27 | Create | Villager (Male) |
| 6:48 | Build | Farm |
| 6:51 | Build | Farm |
| 7:56 | Create | Villager (Male) |
| 7:59 | Build | Farm |
| 8:03 | Build | Lumber Camp |
| 8:18 | Create | Villager (Male) |
| 8:23 | Research | Feudal Age |
| 8:26 | Create | Villager (Male) |
| 8:27 | Research | Feudal Age |
| 8:34 | Research | Loom |
| 8:35 | Research | Feudal Age |
| 8:59 | Build | Palisade Wall |
| 9:16 | Create | Villager (Male) |
| 9:19 | Build | Mining Camp |
| 9:29 | Build | Palisade Wall |
| 9:31 | Build | Palisade Wall |
| 9:34 | Build | Palisade Wall |
| 10:03 | Build | Palisade Wall |
| 10:04 | Build | Palisade Wall |
| 10:13 | Build | Palisade Wall |
| 10:16 | Build | Palisade Wall |
| 10:17 | Build | Palisade Wall |
| 10:29 | Build | Palisade Wall |
| 10:46 | Build | Palisade Wall |
| 11:03 | Build | Palisade Wall |
| 11:04 | Build | Palisade Wall |
| 11:07 | Create | Villager (Male) |
| 11:09 | Build | House |
| 11:16 | Build | House |
| 11:21 | Age | Feudal Age |
| 11:30 | Build | Palisade Wall |
| 11:34 | Build | Palisade Wall |
| 11:47 | Create | Villager (Male) |
| 11:56 | Create | Villager (Male) |
| 12:10 | Build | Market |
| 12:23 | Build | Watch Tower |
| 12:30 | Create | Villager (Male) |
| 12:46 | Build | Gate |
| 12:49 | Build | Stone Wall |
| 13:00 | Build | House |
| 13:01 | Build | House |
| 13:05 | Create | Villager (Male) |
| 13:10 | Build | Blacksmith |
| 13:40 | Research | Castle Age |
| 13:40 | Research | Castle Age |
| 13:47 | Build | Palisade Wall |
| 14:33 | Build | Palisade Wall |
| 14:35 | Build | Palisade Wall |
| 14:35 | Build | Palisade Wall |
| 14:41 | Build | Farm |
| 14:43 | Build | Farm |
| 14:49 | Research | Horse Collar |
| 15:00 | Research | Double-Bit Axe |
| 15:28 | Build | Farm |
| 15:31 | Build | Farm |
| 15:51 | Build | Farm |
| 16:21 | Age | Castle Age |
| 16:24 | Build | Siege Workshop |
| 16:28 | Build | Mining Camp |
| 16:34 | Create | Villager (Male) |
| 16:34 | Create | Villager (Male) |
| 16:48 | Create | Mangonel |
| 17:00 | Create | Villager (Male) |
| 17:14 | Create | Mangonel |
| 17:14 | Create | Mangonel |
| 17:19 | Create | Villager (Male) |
| 17:56 | Create | Villager (Male) |
| 18:00 | Create | Villager (Male) |
| 18:13 | Create | Villager (Male) |
| 18:34 | Create | Villager (Male) |
| 18:45 | Create | Mangonel |
| 18:47 | Create | Villager (Male) |
| 19:10 | Create | Villager (Male) |
| 19:18 | Create | Villager (Male) |
| 19:26 | Create | Villager (Male) |
| 19:38 | Create | Villager (Male) |
| 19:39 | Build | House |
| 19:40 | Build | House |
| 19:57 | Create | Villager (Male) |
| 19:59 | Build | Mill |
| 19:59 | Build | Farm |
| 20:00 | Build | Farm |
| 20:00 | Build | Farm |
| 20:00 | Build | Farm |
| 20:00 | Build | Farm |
| 20:21 | Create | Villager (Male) |
| 20:27 | Build | Farm |
| 20:45 | Create | Villager (Male) |
| 20:48 | Create | Villager (Male) |
| 20:53 | Create | Villager (Male) |
| 21:12 | Create | Villager (Male) |
| 21:18 | Create | Villager (Male) |
| 21:42 | Create | Villager (Male) |
| 21:47 | Create | Villager (Male) |
| 21:54 | Create | Villager (Male) |
| 22:18 | Create | Villager (Male) |
| 22:27 | Create | Villager (Male) |
| 22:38 | Create | Villager (Male) |
| 22:46 | Create | Villager (Male) |
| 23:04 | Create | Villager (Male) |
| 23:04 | Create | Villager (Male) |
| 23:19 | Create | Villager (Male) |
| 23:21 | Create | Villager (Male) |
| 23:21 | Create | Villager (Male) |
| 23:39 | Build | Town Center |
| 23:42 | Create | Villager (Male) |
| 24:11 | Create | Villager (Male) |
| 24:22 | Create | Villager (Male) |
| 24:23 | Create | Villager (Male) |
| 24:27 | Build | Mining Camp |
| 24:28 | Create | Villager (Male) |
| 24:28 | Create | Villager (Male) |
| 24:37 | Build | House |
| 24:38 | Build | House |
| 24:38 | Build | House |
| 24:39 | Build | House |
| 24:40 | Build | House |
| 24:41 | Build | House |
| 24:42 | Build | House |
| 24:42 | Build | House |
| 24:43 | Build | House |
Build order — MUERE CACA
First 150 of 551 actions detected
| 0:01 | Create | Villager (Male) |
| 0:01 | Create | Villager (Male) |
| 0:02 | Create | Villager (Male) |
| 0:03 | Build | House |
| 0:04 | Build | House |
| 0:07 | Create | Villager (Male) |
| 0:08 | Create | Villager (Male) |
| 1:35 | Create | Villager (Male) |
| 1:35 | Create | Villager (Male) |
| 2:03 | Create | Villager (Male) |
| 2:03 | Create | Villager (Male) |
| 2:17 | Create | Villager (Male) |
| 2:17 | Create | Villager (Male) |
| 2:23 | Build | Lumber Camp |
| 2:57 | Create | Villager (Male) |
| 2:58 | Create | Villager (Male) |
| 3:36 | Build | House |
| 3:37 | Create | Villager (Male) |
| 3:37 | Create | Villager (Male) |
| 3:47 | Create | Villager (Male) |
| 4:15 | Create | Villager (Male) |
| 4:47 | Create | Villager (Male) |
| 5:20 | Build | Mining Camp |
| 5:27 | Create | Villager (Male) |
| 5:39 | Research | Loom |
| 5:39 | Research | Loom |
| 6:24 | Research | Feudal Age |
| 7:37 | Create | Villager (Male) |
| 7:54 | Build | House |
| 8:34 | Age | Feudal Age |
| 8:36 | Build | Watch Tower |
| 8:39 | Research | Double-Bit Axe |
| 8:50 | Create | Villager (Male) |
| 9:19 | Create | Villager (Male) |
| 9:35 | Build | House |
| 9:43 | Build | Blacksmith |
| 9:47 | Create | Villager (Male) |
| 10:12 | Build | Watch Tower |
| 10:22 | Build | Watch Tower |
| 10:24 | Create | Villager (Male) |
| 10:45 | Research | Fletching |
| 10:45 | Research | Fletching |
| 11:07 | Create | Villager (Male) |
| 11:22 | Create | Villager (Male) |
| 11:27 | Build | Mill |
| 12:12 | Build | Watch Tower |
| 12:15 | Build | House |
| 12:17 | Build | Palisade Wall |
| 12:19 | Build | Palisade Wall |
| 12:27 | Create | Villager (Male) |
| 12:33 | Build | House |
| 12:37 | Create | Villager (Male) |
| 12:52 | Build | House |
| 12:53 | Create | Villager (Male) |
| 13:19 | Build | Watch Tower |
| 13:30 | Build | Farm |
| 13:57 | Create | Villager (Male) |
| 13:58 | Create | Villager (Male) |
| 14:00 | Build | Farm |
| 14:07 | Build | Watch Tower |
| 14:11 | Build | Farm |
| 14:28 | Build | Farm |
| 14:43 | Create | Villager (Male) |
| 14:54 | Create | Villager (Male) |
| 14:56 | Build | Farm |
| 14:58 | Build | Farm |
| 15:18 | Create | Villager (Male) |
| 15:29 | Build | Farm |
| 16:07 | Create | Villager (Male) |
| 16:27 | Create | Villager (Male) |
| 16:32 | Build | Watch Tower |
| 16:32 | Create | Villager (Male) |
| 16:45 | Build | House |
| 16:47 | Build | Mining Camp |
| 17:05 | Create | Villager (Male) |
| 17:20 | Build | Barracks |
| 17:21 | Create | Villager (Male) |
| 18:12 | Create | Villager (Male) |
| 18:20 | Build | House |
| 18:23 | Build | House |
| 18:26 | Build | Archery Range |
| 18:50 | Build | House |
| 19:22 | Create | Archer |
| 19:26 | Create | Archer |
| 19:28 | Create | Villager (Male) |
| 19:30 | Build | House |
| 20:08 | Create | Archer |
| 20:14 | Create | Villager (Male) |
| 20:44 | Create | Villager (Male) |
| 20:46 | Build | Farm |
| 21:02 | Build | Farm |
| 21:05 | Build | House |
| 21:19 | Research | Castle Age |
| 21:19 | Research | Castle Age |
| 21:28 | Build | Farm |
| 21:28 | Build | Farm |
| 21:28 | Build | Farm |
| 21:29 | Build | Farm |
| 21:29 | Build | Farm |
| 21:44 | Research | Horse Collar |
| 21:44 | Research | Horse Collar |
| 21:51 | Build | Lumber Camp |
| 22:37 | Build | Farm |
| 23:17 | Build | Farm |
| 23:18 | Build | Farm |
| 23:42 | Create | Villager (Male) |
| 23:59 | Age | Castle Age |
| 24:06 | Build | Town Center |
| 24:07 | Create | Villager (Male) |
| 24:16 | Research | Bow Saw |
| 24:33 | Create | Villager (Male) |
| 24:45 | Create | Villager (Male) |
| 24:57 | Build | Siege Workshop |
| 24:58 | Create | Villager (Male) |
| 25:06 | Create | Villager (Male) |
| 25:20 | Create | Villager (Male) |
| 25:45 | Create | Villager (Male) |
| 25:45 | Create | Villager (Male) |
| 25:47 | Create | Villager (Male) |
| 25:52 | Create | Villager (Male) |
| 25:58 | Build | Market |
| 26:08 | Create | Villager (Male) |
| 26:13 | Build | Farm |
| 26:14 | Build | Farm |
| 26:15 | Create | Villager (Male) |
| 26:43 | Create | Villager (Male) |
| 26:56 | Create | Villager (Male) |
| 27:03 | Build | Town Center |
| 27:08 | Research | Wheelbarrow |
| 27:09 | Research | Wheelbarrow |
| 27:19 | Build | Farm |
| 27:19 | Create | Villager (Male) |
| 27:22 | Create | Villager (Male) |
| 27:32 | Create | Villager (Male) |
| 27:40 | Build | Town Center |
| 27:40 | Create | Villager (Male) |
| 27:44 | Create | Villager (Male) |
| 27:53 | Create | Villager (Male) |
| 28:01 | Create | Villager (Male) |
| 28:10 | Create | Villager (Male) |
| 28:15 | Build | Farm |
| 28:15 | Build | Farm |
| 28:15 | Build | Farm |
| 28:15 | Build | Farm |
| 28:16 | Build | Farm |
| 28:17 | Create | Villager (Male) |
| 28:32 | Create | Villager (Male) |
| 28:35 | Build | Farm |
| 28:36 | Create | Villager (Male) |
| 28:43 | Build | Farm |
Match timeline
| 8:26 | RománMás3 · age_up feudal |
| 8:34 | MUERE CACA · age_up feudal |
| 8:49 | QNA | Apachai Hopachai · wall_segment Palisade Wall x4 |
| 8:57 | QNA | Apachai Hopachai · wall_segment Palisade Wall x11 |
| 8:59 | TocToc.Lianki · wall_segment Palisade Wall x8 |
| 9:12 | QNA | Apachai Hopachai · wall_segment Palisade Wall x1 |
| 9:29 | TocToc.Lianki · wall_segment Palisade Wall x6 |
| 9:31 | QNA | Apachai Hopachai · wall_segment Palisade Wall x12 |
| 9:31 | TocToc.Lianki · wall_segment Palisade Wall x5 |
| 9:34 | TocToc.Lianki · wall_segment Palisade Wall x8 |
| 9:41 | QNA | Apachai Hopachai · age_up feudal |
| 10:03 | TocToc.Lianki · wall_segment Palisade Wall x1 |
| 10:04 | TocToc.Lianki · wall_segment Palisade Wall x4 |
| 10:13 | TocToc.Lianki · wall_segment Palisade Wall x6 |
| 10:16 | TocToc.Lianki · wall_segment Palisade Wall x1 |
| 10:17 | TocToc.Lianki · wall_segment Palisade Wall x1 |
| 10:29 | TocToc.Lianki · wall_segment Palisade Wall x9 |
| 10:46 | TocToc.Lianki · wall_segment Palisade Wall x3 |
| 11:03 | TocToc.Lianki · wall_segment Palisade Wall x1 |
| 11:04 | TocToc.Lianki · wall_segment Palisade Wall x1 |
| 11:05 | bdstanley32 · age_up feudal |
| 11:07 | QNA | Apachai Hopachai · wall_segment Palisade Wall x2 |
| 11:13 | QNA | Apachai Hopachai · wall_segment Palisade Wall x4 |
| 11:15 | QNA | Apachai Hopachai · wall_segment Palisade Wall x2 |
| 11:20 | Timurid Siegecraft · age_up feudal |
| 11:21 | TocToc.Lianki · age_up feudal |
| 11:26 | QNA | Apachai Hopachai · wall_segment Palisade Wall x1 |
| 11:30 | TocToc.Lianki · wall_segment Palisade Wall x2 |
| 11:33 | QNA | Apachai Hopachai · wall_segment Palisade Wall x1 |
| 11:34 | TocToc.Lianki · wall_segment Palisade Wall x1 |
| 12:17 | MUERE CACA · wall_segment Palisade Wall x1 |
| 12:19 | MUERE CACA · wall_segment Palisade Wall x1 |
| 12:42 | QNA | Apachai Hopachai · first_market_sell 100 wood |
| 12:43 | QNA | Apachai Hopachai · first_market_buy 100 food |
| 12:49 | TocToc.Lianki · wall_segment Stone Wall x1 |
| 13:34 | RománMás3 · wall_segment Palisade Wall x1 |
| 13:45 | QNA | Apachai Hopachai · wall_segment Stone Wall x1 |
| 13:47 | TocToc.Lianki · wall_segment Palisade Wall x3 |
| 14:33 | TocToc.Lianki · wall_segment Palisade Wall x1 |
| 14:35 | TocToc.Lianki · wall_segment Palisade Wall x1 |
| 14:35 | TocToc.Lianki · wall_segment Palisade Wall x1 |
| 14:36 | QNA | Apachai Hopachai · wall_segment Stone Wall x1 |
| 14:43 | bdstanley32 · age_up castle |
| 14:51 | Timurid Siegecraft · age_up castle |
| 14:59 | TocToc.Lianki · first_market_buy 100 food |
| 15:24 | QNA | Apachai Hopachai · age_up castle |
| 15:30 | QNA | Apachai Hopachai · first_building Siege Workshop |
| 15:51 | bdstanley32 · first_market_buy 100 wood |
| 16:21 | TocToc.Lianki · age_up castle |
| 16:23 | QNA | Apachai Hopachai · wall_segment Stone Wall x1 |
| 16:24 | TocToc.Lianki · first_building Siege Workshop |
| 16:25 | QNA | Apachai Hopachai · wall_segment Stone Wall x1 |
| 17:20 | MUERE CACA · first_building Barracks |
| 18:21 | bdstanley32 · first_building Monastery |
| 18:26 | MUERE CACA · first_building Archery Range |
| 18:44 | RománMás3 · first_market_sell 100 wood |
| 18:45 | RománMás3 · first_market_buy 100 food |
| 19:02 | Timurid Siegecraft · first_market_buy 100 stone |
| 20:12 | bdstanley32 · first_market_sell 100 wood |
| 21:13 | bdstanley32 · first_building Barracks |
| 21:32 | Timurid Siegecraft · first_building Monastery |
| 21:42 | RománMás3 · age_up castle |
| 23:34 | bdstanley32 · first_building Stable |
| 23:59 | MUERE CACA · age_up castle |
| 24:30 | RománMás3 · first_building Siege Workshop |
| 24:55 | TocToc.Lianki · wall_segment Stone Wall x1 |
| 24:57 | MUERE CACA · first_building Siege Workshop |
| 24:59 | Timurid Siegecraft · first_building Castle |
| 24:59 | TocToc.Lianki · wall_segment Stone Wall x1 |
| 25:29 | Timurid Siegecraft · first_building Barracks |
| 26:39 | Timurid Siegecraft · first_building Siege Workshop |
| 26:59 | Timurid Siegecraft · first_building Stable |
| 27:34 | QNA | Apachai Hopachai · wall_segment Palisade Wall x1 |
| 27:50 | QNA | Apachai Hopachai · wall_segment Stone Wall x22 |
| 27:51 | bdstanley32 · first_building Castle |
| 28:16 | QNA | Apachai Hopachai · wall_segment Stone Wall x1 |
| 28:33 | Timurid Siegecraft · age_up imperial |
| 28:37 | TocToc.Lianki · first_building Castle |
| 28:48 | QNA | Apachai Hopachai · wall_segment Stone Wall x15 |
| 29:54 | TocToc.Lianki · first_market_sell 100 wood |
| 30:40 | bdstanley32 · age_up imperial |
| 31:04 | QNA | Apachai Hopachai · wall_segment Stone Wall x12 |
| 31:53 | TocToc.Lianki · wall_segment Stone Wall x3 |
| 31:56 | QNA | Apachai Hopachai · wall_segment Stone Wall x16 |
| 32:06 | Timurid Siegecraft · first_market_sell 100 food |
| 32:07 | MUERE CACA · first_building Castle |
| 32:29 | TocToc.Lianki · age_up imperial |
| 32:49 | RománMás3 · first_building Castle |
| 33:46 | MUERE CACA · first_market_buy 100 stone |
| 33:50 | RománMás3 · first_building Barracks |
| 34:14 | QNA | Apachai Hopachai · wall_segment Stone Wall x14 |
| 34:29 | QNA | Apachai Hopachai · wall_segment Stone Wall x1 |
| 34:38 | MUERE CACA · first_building Monastery |
| 34:47 | RománMás3 · first_building Stable |
| 35:15 | QNA | Apachai Hopachai · first_building Barracks |
| 35:25 | QNA | Apachai Hopachai · wall_segment Stone Wall x9 |
| 35:30 | QNA | Apachai Hopachai · wall_segment Stone Wall x7 |
| 35:40 | QNA | Apachai Hopachai · wall_segment Stone Wall x2 |
| 35:56 | QNA | Apachai Hopachai · wall_segment Stone Wall x7 |
| 36:23 | QNA | Apachai Hopachai · wall_segment Stone Wall x8 |
| 36:35 | TocToc.Lianki · wall_segment Stone Wall x1 |
| 36:36 | QNA | Apachai Hopachai · first_building Archery Range |
| 36:45 | QNA | Apachai Hopachai · wall_segment Stone Wall x1 |
| 37:10 | RománMás3 · age_up imperial |
| 37:12 | TocToc.Lianki · first_building Barracks |
| 38:14 | QNA | Apachai Hopachai · wall_segment Stone Wall x12 |
| 38:16 | MUERE CACA · first_building Stable |
| 38:20 | QNA | Apachai Hopachai · age_up imperial |
| 38:31 | MUERE CACA · age_up imperial |
| 38:36 | TocToc.Lianki · first_building Archery Range |
| 38:47 | QNA | Apachai Hopachai · wall_segment Stone Wall x2 |
| 38:55 | QNA | Apachai Hopachai · wall_segment Stone Wall x4 |
| 39:09 | QNA | Apachai Hopachai · wall_segment Stone Wall x1 |
| 40:04 | TocToc.Lianki · first_building Stable |
| 40:04 | MUERE CACA · first_market_sell 100 food |
| 41:47 | QNA | Apachai Hopachai · first_building Castle |
| 42:16 | QNA | Apachai Hopachai · wall_segment Stone Wall x1 |
| 45:35 | QNA | Apachai Hopachai · wall_segment Stone Wall x5 |
| 46:31 | TocToc.Lianki · wall_segment Stone Wall x2 |
| 46:55 | QNA | Apachai Hopachai · first_building Stable |
| 47:10 | TocToc.Lianki · wall_segment Stone Wall x4 |
| 48:17 | MUERE CACA · tribute_sent a jugador 1 |
| 48:17 | MUERE CACA · tribute_sent a jugador 2 |
| 48:17 | MUERE CACA · tribute_sent a jugador 3 |
| 48:17 | MUERE CACA · tribute_sent a jugador 4 |
| 48:17 | MUERE CACA · tribute_sent a jugador 5 |
| 48:51 | TocToc.Lianki · wall_segment Stone Wall x1 |
| 48:56 | Timurid Siegecraft · first_building Archery Range |
| 48:57 | TocToc.Lianki · wall_segment Stone Wall x2 |
| 48:59 | TocToc.Lianki · wall_segment Stone Wall x3 |
| 49:01 | TocToc.Lianki · wall_segment Stone Wall x1 |
| 49:41 | bdstanley32 · first_building Archery Range |
| 51:31 | bdstanley32 · first_building Siege Workshop |
| 51:32 | TocToc.Lianki · wall_segment Stone Wall x1 |
| 52:25 | bdstanley32 · wall_segment Palisade Wall x10 |
| 55:18 | TocToc.Lianki · resign |
[ AI ANALYSIS · 1 CREDIT ]
What really happened in this match?
Wolo.gg analyzes every decision: build order, eco, micro, common mistakes by bracket. Personalized analysis on WhatsApp or Discord in 30 seconds.
Civ guide
Byzantines
Perfil
Jugador #3996006